AoeStats
← leogpoa

Migration

508173727Analyzed
1v1 RM · 12d ago on Sep 21, 2026· 44m 57s· 2 players
Game mode
Random Map
Map size
132×132
Population
200
Speed
Normal
Resources
Standard
Victory
Conquest
Starting age
Dark Age
Ending age
Imperial Age
RankedLock teamsTeams togetherTeam positionsShared explorationLock speedFull tech treeHidden civsTurbo modeCheats
Victory
Defeat
🇵🇱 Berbers · Poland
574
+18
🇧🇷 Khmer · Brazil
616
-20
denarius_g
11:23 Feudal Age
11:21 Loom
12:41 Wheelbarrow
11:55 Double-Bit Axe
12:27 Fishing Lines
16:09 Gold Mining
17:05 Horse Collar
18:05 Stone Mining
23:19 Castle Age
23:14 Bloodlines
24:11 Medium Warships
23:53 Gillnets
24:22 Hand Cart
23:54 Town Watch
24:14 Heavy Plow
24:28 Bow Saw
24:59 Gold Shaft Mining
29:29 Imperial Age
29:28 Stone Shaft Mining
32:45 Conscription
32:27 Kasbah
32:30 Maghrebi Camels
32:57 Ballistics
33:38 Chemistry
32:34 Murder Holes
33:12 Fletching
33:33 Forging
37:20 Heavy Warships
36:45 Heavy Camel Rider
38:04 Iron Casting
37:25 Bodkin Arrow
37:36 Scale Barding Armor
38:11 Husbandry
leogpoa
13:25 Feudal Age
16:55 Horse Collar
17:08 Double-Bit Axe
21:25 Castle Age
34:18 Imperial Age
34:34 Tusk Swords
39:07 Demolition Ship
43:12 Medium Warships
Connection lost

Rejoining the realm…

Still unreachable

The connection could not be restored.

Session expired

The server has moved on; the page needs a fresh start.